 Dungeon Crawl Stone Soup version 0.23-a0-639-ga9a3373214 (webtiles) character file.

1056 HereIgoKillingAgain the Spear-Bearer (level 8, -2/126 HPs)
             Began as a Merfolk Gladiator on Dec 29, 2018.
             Was an Initiate of Yredelemnul.
             Slain by a yak (6 damage)
             ... on level 5 of the Dungeon.
             The game lasted 00:08:15 (5364 turns).

HereIgoKillingAgain the Spear-Bearer (MfGl)         Turns: 5364, Time: 00:08:17

Health: -2/126     AC: 24    Str: 20    XL:     8   Next: 26%
Magic:  8/8        EV:  2    Int:  8    God:    Yredelemnul [......]
Gold:   396        SH:  0    Dex: 23    Spells: 7/7 levels left

rFire    + . .     SeeInvis .   a - +1 trident
rCold    . . .     Gourm    .   (no shield)
rNeg     + + +     Faith    .   (armour currently unavailable)
rPois    +         Spirit   .   (helmet currently unavailable)
rElec    .         Reflect  .   (cloak currently unavailable)
rCorr    .         Harm     .   (gloves currently unavailable)
MR       .....     NoTele   +   (boots currently unavailable)
Stlth    ..........             l - amulet of inaccuracy (curse)
HPRegen  0.31/turn              e - ring of protection from fire
MPRegen  0.11/turn              c - -3 ring of slaying (curse)

@: confused, agile, berserking, tree-form, hasted, very quick
A: (change form in water), (swift swim), (stealthy swim), thin skeletal
structure 1, blurry vision 1, wild magic 1
a: Renounce Religion


You were on level 5 of the Dungeon.
You worshipped Yredelemnul.
Yredelemnul was noncommittal.
You were near starving.
You were a tree.
You visited 2 branches of the dungeon, and saw 6 of its levels.

You collected 396 gold pieces.

Inventory:

Hand Weapons
 a - a +1 trident (weapon)
Armour
 b - a +0 leather armour (melded)
 q - a +0 pair of gloves (melded)
 r - a +1 helmet of see invisible (melded)
Jewellery
 c - a cursed -3 ring of slaying (right branch)
 e - a ring of protection from fire (left branch)
 l - a cursed amulet of inaccuracy (around neck)
Wands
 g - a wand of flame (19)
 v - a wand of digging (5)
Scrolls
 h - 2 scrolls of magic mapping
 i - a scroll of amnesia
 k - a scroll of enchant armour
 m - 3 scrolls of teleportation
 o - a scroll of fog
 x - a scroll of blinking {unknown}
Potions
 p - 2 potions of resistance
 s - a potion of agility
 u - a potion of magic
Comestibles
 f - 6 rations


   Skills:
 - Level 2.1 Fighting
 + Level 13.5 Polearms
 - Level 2.0 Throwing
 - Level 4.0 Dodging


You had 7 spell levels left.
You didn't know any spells.
Your spell library contained the following spells:

 Spells                   Type           Power        Failure   Level  Hunger
 Magic Dart               Conj           #...         50%         1    ##.....
 Blink                    Tloc           N/A          63%         2    ###....
 Call Imp                 Summ           #.......     63%         2    ###....
 Slow                     Hex            #.......     63%         2    ###....
 Conjure Flame            Conj/Fire      #.......     85%         3    ####...
 Mephitic Cloud           Conj/Pois/Air  #.......     85%         3    ####...


Dungeon Overview and Level Annotations

Branches:
Dungeon (5/15)             Temple (1/1) D:4

Altars:
Ashenzari
Cheibriados
Dithmenos
Elyvilon
Hepliaklqana
Kikubaaqudgha
Makhleb
Nemelex Xobeh
Okawaru
Qazlal
Sif Muna
Trog
Vehumet
Wu Jian
Xom
Yredelemnul
Zin
The Shining One

Shops:
D:4 :

Annotations:
D:5 Prince Ribbit


Innate Abilities, Weirdness & Mutations

((You revert to your normal form in water.))
((You are very nimble and swift while swimming.))
((You are very stealthy in the water. (Stealth+)))
You have a somewhat thin skeletal structure. (Dex +2, Stealth)
Scrolls take you a little longer to read.
Your spells are a little harder to cast, but a little more powerful.


Message History

* * * LOW HITPOINT WARNING * * *
The yak gores you.
* * * LOW HITPOINT WARNING * * *
Prince Ribbit lets out a mournful croak.
The yak gores you but does no damage. x2
It was a potion of berserk rage.
A red film seems to cover your vision as you go berserk!
You feel yourself moving faster!
You feel mighty!
You cannot move. (Use ctrl+direction or * direction to attack without moving.)
You cannot move. (Use ctrl+direction or * direction to attack without moving.)
You cannot move. (Use ctrl+direction or * direction to attack without moving.)
You hit the yak.
The yak is heavily wounded.
The yak gores you but does no damage. The yak gores you!
* * * LOW HITPOINT WARNING * * *
The yak gores you.
* * * LOW HITPOINT WARNING * * *
The yak gores you.
You die...
Your body rises from the dead as a mindless zombie.

. ... ######.
#..###Y...!..
#..SY♣YF....)
#.####Y######
Y# .# ##


You could see Prince Ribbit, 5 yaks and an adder.

Vanquished Creatures
  A yak (D:5)
  Menkaure (D:4)
  2 phantoms
  An ogre (D:4)
  A centaur (D:5)
  A scorpion (D:5)
  A hound (D:4)
  2 orc priests (D:3)
  An orc wizard (D:4)
  Jessica (D:3)
  An iguana (D:4)
  Natasha (twice) (D:2)
  A worker ant (D:4)
  Robin (D:3)
  2 gnolls
  5 adders
  An ooze (D:2)
  A worm (D:3)
  3 dart slugs
  2 leopard geckos
  14 orcs
  10 bats
  6 giant cockroaches
  11 goblins
  6 hobgoblins
  2 jackals (D:3)
  2 quokkas
  A frilled lizard (D:1)
  A jackal skeleton (D:4)
  8 kobolds
  10 rats
102 creatures vanquished.

Notes
Turn   | Place    | Note
-------+----------+-------------------------------------------
     0 | D:1      | HereIgoKillingAgain the Merfolk Gladiator began the quest
                  | for the Orb.
     0 | D:1      | Reached XP level 1. HP: 16/16 MP: 1/1
    51 | D:1      | Reached skill level 5 in Polearms
    54 | D:1      | Reached XP level 2. HP: 7/22 MP: 2/2
   646 | D:1      | Reached skill level 6 in Polearms
   646 | D:1      | Reached XP level 3. HP: 15/27 MP: 3/3
  1252 | D:2      | Reached XP level 4. HP: 30/33 MP: 4/4
  1272 | D:2      | Noticed a phantom
  1301 | D:2      | Killed a phantom
  1301 | D:2      | Reached skill level 8 in Polearms
  1301 | D:2      | Reached XP level 5. HP: 15/38 MP: 5/5
  1764 | D:2      | Noticed Natasha
  1768 | D:2      | Killed Natasha
  1898 | D:2      | Reached skill level 9 in Polearms
  1944 | D:2      | Noticed Natasha
  1956 | D:2      | Killed Natasha
  2218 | D:3      | Reached XP level 6. HP: 26/44 MP: 6/6
  2575 | D:3      | Noticed Robin
  2595 | D:3      | Killed Robin
  2879 | D:3      | Noticed Jessica
  2886 | D:3      | Killed Jessica
  2906 | D:3      | Reached skill level 10 in Polearms
  3079 | D:3      | Found a faded altar of an unknown god.
  3100 | D:3      | Found a hazy altar of Hepliaklqana.
  3566 | D:3      | Gained mutation: You have a somewhat thin skeletal
                  | structure. (Dex +2, Stealth) [potion of mutation]
  3566 | D:3      | Gained mutation: Scrolls take you a little longer to read.
                  | [potion of mutation]
  3566 | D:3      | Gained mutation: Your spells are a little harder to cast,
                  | but a little more powerful. [potion of mutation]
  3574 | D:4      | Found a radiant altar of Vehumet.
  3574 | D:4      | Noticed Menkaure
  3601 | D:4      | Killed Menkaure
  3601 | D:4      | Reached skill level 11 in Polearms
  3601 | D:4      | Reached XP level 7. HP: 27/50 MP: 7/7
  3818 | D:4      | Found a snail-covered altar of Cheibriados.
  3827 | D:4      | Found a staircase to the Ecumenical Temple.
  3852 | Temple   | Entered the Ecumenical Temple
  3982 | D:4      | Found Jula's Book Shop.
  4061 | D:4      | Found a sparkling altar of Nemelex Xobeh.
  4309 | D:4      | Found a shimmering altar of Xom.
  4309 | D:4      | Found a bloodstained altar of Trog.
  4309 | D:4      | Found a glowing silver altar of Zin.
  4326 | D:4      | Found a basalt altar of Yredelemnul.
  4327 | D:4      | Found a deep blue altar of Sif Muna.
  4336 | D:4      | Became a worshipper of Yredelemnul the Dark
  4430 | D:4      | Reached skill level 12 in Polearms
  4822 | D:5      | Entered Level 5 of the Dungeon
  5212 | D:5      | Reached skill level 13 in Polearms
  5212 | D:5      | Reached XP level 8. HP: 41/56 MP: 8/8
  5330 | D:5      | Noticed a yak
  5330 | D:5      | Noticed a yak
  5330 | D:5      | Noticed a yak
  5330 | D:5      | Noticed a yak
  5330 | D:5      | Noticed a yak
  5330 | D:5      | Noticed a yak
  5330 | D:5      | Noticed Prince Ribbit
  5352 | D:5      | Killed a yak
  5364 | D:5      | HP: 4/126 [yak (3)]
  5364 | D:5      | Slain by a yak

Vault maps used:
D:1:      minmay_arrival_four_circles, minmay_circled_x
D:2:      uniq_natasha
D:3:      cheibrodos_pilgrimage, marbit_many_paths,
          chequers_ecumenical_altar_simple, minmay_pentangle, uniq_robin,
          uniq_jessica
D:4:      old_standard_altar, kennysheep_mini_moat, vehumet_altar_wand_db,
          grunt_temple_overflow_open, minmay_temple_entry_purple_smoke,
          serial_shops, shop, uniq_menkaure
D:5:      kennysheep_mini, serial_shops, nicolae_shop_stone, first_ration,
          uniq_prince_ribbit1
Temple:   nicolae_temple_figure_zero

Skill      XL: |  1  2  3  4  5  6  7 |
---------------+----------------------+-----
Polearms       | 5 6 8 9 11 13 | 13.5
Fighting       | |  2.1
Throwing       | |  2.0
Dodging        | |  4.0

Action                   |  1- 3 |  4- 6 |  7- 9 || total
-------------------------+-------+-------+-------++-------
Melee: Trident           |    83 |   163 |   178 ||   424
Throw: Throwing net      |     1 |     2 |     4 ||     7
  Use: Scroll            |       |     8 |     3 ||    11
       Potion            |       |     6 |     5 ||    11
 Stab: Sleeping          |     4 |       |     2 ||     6
       Held in net/web   |     1 |       |     4 ||     5
       Distracted        |       |     1 |       ||     1
  Eat: Chunk             |       |     6 |     3 ||     9
       Ration            |       |     1 |       ||     1
Armor: Leather armour    |    24 |    19 |    17 ||    60
       Skin              |       |     8 |    39 ||    47
Dodge: Dodged            |    69 |    52 |    46 ||   167

Table legend:
 A = Non-vault XP
 B = Vault XP
 C = Vault XP percentage of total XP
 D = Non-vault monster count
 E = Vault monster count
 F = Vault count percentage of total count
                 A         B        C        D         E       F
            +---------+---------+-------+---------+---------+-------
      Total |    1116 |     393 |  26.0 |      72 |      30 |  29.4
            +---------+---------+-------+---------+---------+-------
        D:1 |      51 |       8 |  13.6 |      23 |       4 |  14.8
        D:2 |     212 |      35 |  14.2 |      15 |       1 |   6.2
        D:3 |      14 |     192 |  93.2 |       8 |      23 |  74.2
        D:4 |     447 |     158 |  26.1 |      22 |       2 |   8.3
        D:5 |     392 |       0 |   0.0 |       4 |       0 |   0.0
            +---------+---------+-------+---------+---------+-------
